 Dungeon Crawl Stone Soup version 0.32-a0-360-gcd93b57ba1 (webtiles) character file.

Game seed: 7480488075790747523

865 Goblin1989 the Basher (level 8, -7/56 HPs)
             Began as a Coglin Gladiator on Feb 18, 2024.
             Was an Initiate of Gozag.
             Killed by an exploding gnoll zombie (8 damage)
             ... ignited by their inner flame
             ... in an ossuary.
             The game lasted 00:10:07 (3916 turns).

Goblin1989 the Basher (Coglin Gladiator)            Turns: 3916, Time: 00:10:08

Health: -7/56      AC:  5    Str: 18    XL:     8   Next: 3%
Magic:  8/8        EV: 12    Int:  7    God:    Gozag
Gold:   277        SH:  0    Dex: 15    Spells: 7/7 levels left

rFire   + . .        a - +0 flail (drain) {Jihoo}
rCold   + . .        n - +0 whip {José}
rNeg    . . .        b - +0 leather armour
rPois   .            c - +0 helmet
rElec   .            p - scarf {rC+ rF+}
rCorr   .            (no gloves)
SInv    .            m - +0 pair of boots
Will    .....        (no amulet)
Stlth   +            (no ring)
HPRegen 0.29/turn    (no ring)
MPRegen 0.11/turn

%: no passive effects
@: gold aura, revved, stiff-legged, very slow
A: off-hand wielding, slow wielding, warmup strikes, warmup strides
a: Renounce Religion, Potion Petition, Call Merchant, Bribe Branch


You were in an ossuary.
You worshipped Gozag.
Gozag was aware of your devotion.
You visited 2 branches of the dungeon, and saw 6 of its levels.
You also visited: Sewer and Ossuary.

You collected 363 gold pieces.
You paid 86 gold pieces to Gozag.

Inventory:

Hand Weapons
 a - a +0 flail of draining (weapon) {Jihoo}
 n - a +0 whip (worn) {José}
Missiles
 d - 2 throwing nets (quivered) {!d , @Q1}
 e - a javelin
Armour
 b - a +0 leather armour (worn)
 c - a +0 helmet (worn)
 m - a +0 pair of boots (worn)
 p - a scarf of resistance (worn)
Jewellery
 l - a ring of protection from fire
Wands
 y - a wand of polymorph (5)
Scrolls
 v - a scroll of fog
Potions
 o - 2 potions of haste
 t - a potion of heal wounds {@q2}
 u - a potion of mutation {unknown}
 w - a potion of invisibility {unknown}
 x - a potion of resistance {unknown}


   Skills:
 - Level 2.0 Fighting
 + Level 8.5 Maces & Flails
 - Level 1.7 Throwing
 - Level 2.6 Dodging


You had 7 spell levels left.
You didn't know any spells.
Your spell library contained the following spells:

 Spells                   Type           Power      Damage    Failure   Level
 Scorch                   Fire           0%         2d5       63%         2
 Tukima's Dance           Hex            0%         N/A       86%         3
 Dimensional Bullseye     Hex/Tloc       0%         N/A       99%         4
 Flame Wave               Conj/Fire      0%         2d4       99%         4
 Iskenderun's Mystic Bla  Conj/Tloc      0%         2d3       99%         4
 Passage of Golubria      Tloc           0%         N/A       99%         4
 Yara's Violent Unravell  Hex/Alch       0%         3d3       100%        5
 Summon Cactus Giant      Summ           0%         N/A       100%        6


Dungeon Overview and Level Annotations

Branches:
Dungeon (5/15) Zot: 26753  Temple (1/1) D:5 Zot: 5947   Sewer (visited)
Ossuary (1/1) Zot: 5749

Altars:
Ashenzari
Cheibriados
Dithmenos
Elyvilon
Fedhas
Gozag
Hepliaklqana
Kikubaaqudgha
Makhleb
Nemelex Xobeh
Okawaru
Qazlal
Ru
Sif Muna
Trog
Uskayaw
Vehumet
Wu Jian
Xom
Yredelemnul
Zin
The Shining One


Innate Abilities, Weirdness & Mutations

You can wield a second weapon in your off-hand.
It takes a long time for you to wield or remove held weapons.
Your first few attacks do less damage.
Your first movements take longer.


Message History

You hit the orc zombie with your +0 flail of draining.
The orc zombie is severely damaged.
You hit the orc zombie with your +0 whip.
The centaur zombie is no longer distracted by gold.
A gnoll zombie comes into view.
The orc zombie closely misses you. The elf zombie hits you.
You hit the orc zombie with your +0 whip.
You destroy the orc zombie!
The gnoll zombie closely misses you.
You barely miss the elf zombie with your +0 flail of draining.
You closely miss the elf zombie with your +0 whip.
The centaur zombie is no longer distracted by gold.
A human zombie comes into view.
The elf zombie is distracted by your dazzling golden aura.
The elf zombie hits you.
You hit the elf zombie with your +0 flail of draining.
The elf zombie is no longer distracted by gold.
The elf zombie is lightly damaged.
You hit the elf zombie with your +0 whip.
The gnoll zombie hits you but does no damage.
The kobold zombie hits you but does no damage.
You closely miss the elf zombie with your +0 flail of draining.
The elf zombie is lightly damaged.
You hit the elf zombie with your +0 whip.
The elf zombie hits you! The elf zombie hits you.
The hound zombie closely misses you.
An adder zombie comes into view.
The gnoll zombie closely misses you.
You barely miss the elf zombie with your +0 flail of draining.
The elf zombie is lightly damaged.
You closely miss the elf zombie with your +0 whip.
The kobold zombie closely misses you. The hound zombie barely misses you.
The elf zombie barely misses you.
You closely miss the elf zombie with your +0 flail of draining.
The elf zombie is lightly damaged.
You hit the elf zombie with your +0 whip.
The elf zombie hits you.
The gnoll zombie is distracted by your dazzling golden aura.
The gnoll zombie hits you. The human zombie hits you.
The kobold zombie closely misses you.
You are too injured to fight recklessly!
You are too injured to fight recklessly!
You are too injured to fight recklessly!
You are too injured to fight recklessly!
You are too injured to fight recklessly!
You take 26 damage, and have 30/56 hp.
MASSIVE DAMAGE!!
You are too injured to fight recklessly!
You are too injured to fight recklessly!
You are too injured to fight recklessly!
You are too injured to fight recklessly!
You are too injured to fight recklessly!
You are too injured to fight recklessly!
Unknown command.
As you read the scroll labelled RUYPER QEPS, it crumbles to dust.
The creatures around you are filled with an inner flame!
It was a scroll of immolation.
The elf zombie barely misses you. The elf zombie closely misses you.
The gnoll zombie hits you.
You take 1 damage, and have 29/56 hp.
It was a potion of cancellation.
Your magical effects are unravelling.
You feel magically purged.
The sentinel's mark upon you fades away.
The gnoll zombie is no longer distracted by gold.
The human zombie hits you but does no damage.
The orc zombie is distracted by your dazzling golden aura.
The kobold zombie hits you but does no damage.
The elf zombie hits you. x2
* * * LOW HITPOINT WARNING * * *
The gnoll zombie hits you but does no damage.
You take 4 damage, and have 25/56 hp.
You barely miss the human zombie with your +0 flail of draining.
You hit the human zombie with your +0 whip.
Flame seeps out of the human zombie.
The human zombie is engulfed in blazing flames.
Flame seeps out of the human zombie.
The human zombie hits you.
* * * LOW HITPOINT WARNING * * *
The kobold zombie closely misses you. The elf zombie barely misses you.
The mummy hits you.
* * * LOW HITPOINT WARNING * * *
You take 3 damage, and have 22/56 hp.
You barely miss the human zombie with your +0 whip.
The human zombie is heavily damaged.
You sock the human zombie with your +0 flail of draining!
Flame seeps out of the human zombie.
The elf zombie closely misses you. The gnoll zombie barely misses you.
The human zombie is engulfed in blazing flames.
The human zombie explodes!
The fiery explosion engulfs the mummy!!!
The mummy is burned terribly!
The fiery explosion engulfs the gnoll zombie!!!
The fiery explosion engulfs the gnoll zombie!!
The fiery explosion engulfs you!! You resist.
* * * LOW HITPOINT WARNING * * *
The gnoll zombie explodes! x2
The fiery explosion engulfs the centaur zombie!
Flame seeps out of the centaur zombie.
The centaur zombie is heavily damaged.
The fiery explosion engulfs you! You resist.
You die...
Your body crumbles into a pile of gold.

█...██████████████...█
█...█ █...█. █...█
█...█ ██...█. █...█
█...█ ....∆████...█
█...█ █.∩.....█...█
█...█ █.......█...█
█...█ █ZZZZZ..█...█
█...█.████ZZMZZ..█...█
█...█...Z.§§@ZZ..█...█
█...█.████§○████.█...█
█...█ █§§█ █...█ █...█
█§§█ █...█
█...██████$.██████...█
█........$...........█
█........ß$.ß........█
█.........$..........█
█....................█


You could see a mummy (inner flame), 2 adder zombies, a hound zombie (inner
flame), 2 gnoll zombies, a kobold zombie (inner flame), an orc zombie (inner
flame), 2 elf zombies, 2 centaur zombies and a human zombie (inner flame).

Vanquished Creatures
  An ogre (D:5)
  2 elf zombies
  2 brain worms (Sewer)
  An elf skeleton (D:5)
  2 human zombies
  An iguana (D:4)
  A sleepcap (D:4)
  An orc wizard (D:5)
  A hound zombie (Ossuary)
  A mummy (Ossuary)
  5 river rats
  10 adders
  2 ufetubi (D:5)
  3 adder zombies (Ossuary)
  2 dart slugs
  A ribbon worm (D:4)
  3 orcs
  8 ball pythons
  5 endoplasms
  3 giant cockroaches
  7 goblins
  6 hobgoblins
  6 jackals
  2 quokkas (D:3)
  5 bats
  9 frilled lizards
  4 gnoll zombies (Ossuary)
  5 jackal zombies (Ossuary)
  7 kobolds
  4 kobold zombies (Ossuary)
  6 orc zombies (Ossuary)
  10 rats
126 creatures vanquished.

Notes
Turn   | Place    | Note
-------+----------+-------------------------------------------
     0 | D:1      | Goblin1989 the Coglin Gladiator began the quest for the
                  | Orb.
     0 | D:1      | Reached XP level 1. HP: 16/16 MP: 1/1
    52 | D:1      | Reached skill level 3 in Maces & Flails
    82 | D:1      | Reached XP level 2. HP: 22/22 MP: 2/2
   250 | D:1      | Reached XP level 3. HP: 24/27 MP: 3/3
   268 | D:1      | Found a faded altar of an unknown god.
   473 | D:1      | Reached skill level 4 in Maces & Flails
  1227 | D:3      | Reached XP level 4. HP: 33/33 MP: 4/4
  2013 | D:3      | Found a blossoming altar of Fedhas.
  2014 | D:3      | Found a radiant altar of Vehumet.
  2059 | D:3      | Reached skill level 5 in Maces & Flails
  2210 | D:4      | Reached XP level 5. HP: 9/38 MP: 5/5
  2402 | D:4      | Found a glowing drain.
  2409 | Sewer    | Entered a sewer
  2541 | Sewer    | Reached XP level 6. HP: 44/44 MP: 6/6
  2572 | Sewer    | Reached skill level 6 in Maces & Flails
  3118 | D:4      | Reached skill level 7 in Maces & Flails
  3118 | D:4      | Reached XP level 7. HP: 32/50 MP: 7/7
  3389 | D:5      | Entered Level 5 of the Dungeon
  3510 | D:5      | Found a staircase to the Ecumenical Temple.
  3530 | Temple   | Entered the Ecumenical Temple
  3557 | Temple   | Became a worshipper of Gozag Ym Sagoz the Greedy
  3647 | D:5      | Found a sand-covered staircase.
  3659 | D:5      | Reached skill level 8 in Maces & Flails
  3678 | Ossuary  | Entered an ossuary
  3818 | Ossuary  | Reached XP level 8. HP: 56/56 MP: 8/8
  3916 | Ossuary  | HP: 1/56 [spore (21)]
  3916 | Ossuary  | Killed by an exploding gnoll zombie... ignited by their
                  | inner flame

Illustrated notes

Levels and vault maps discovered:
D:1:      dreamdust_arrival_sigmund_warning, layout_basic,
          shapermc_ecumenical_altar_mp_ritualfount, minmay_tetromino_t2
D:2:      layout_rooms
D:3:      layout_loops_ring, chequers_temple_overflow_statue_of_worship,
          grunt_ministairs_9, nicolae_underground_beach
D:4:      layout_rooms, lightli_sewer_entry_pipes
D:5:      layout_basic, minmay_temple_entry_glass,
          nicolae_ossuary_entry_catacombs, uniq_duvessa
Temple:   mainiacjoe_temple_big_plus
Ossuary:  ossuary_tomb_1

Skill      XL: |  1  2  3  4  5  6  7 |
---------------+----------------------+-----
Maces & Flails | 3 4 5 7 8 |  8.5
Fighting       | |  2.0
Throwing       | |  1.7
Dodging        | |  2.6

Action                     |  1- 3 |  4- 6 |  7- 9 || total
---------------------------+-------+-------+-------++-------
  Melee: Flail             |    80 |   151 |   112 ||   343
         Whip              |       |   128 |   111 ||   239
  Throw: Throwing net      |       |       |     1 ||     1
    Use: Potion            |       |     1 |     1 ||     2
         Scroll            |       |     5 |     3 ||     8
   Stab: Sleeping          |     2 |     1 |       ||     3
         Distracted        |       |       |     1 ||     1
 Armour: Leather armour    |    42 |    60 |    67 ||   169
  Dodge: Dodged            |    44 |    85 |    64 ||   193

Table legend: (Time is in decaauts)
 A = Elapsed time spent in this place.
 B = Non-inter-level travel time spent in this place.
 C = Inter-level travel time spent in this place.
 D = Time resting spent in this place.
 E = Time spent auto-exploring this place.
 F = Levels seen in this place.
 G = Mean time per level.
                   A        B        C        D        E       F      G
               +--------+--------+--------+--------+--------+-----+--------+
         Total |   4254 |   3971 |    283 |    258 |   2709 |   8 |  531.8 |
       Dungeon |   3197 |   2955 |    242 |    182 |   2050 |   5 |  639.4 |
        Temple |     52 |     11 |     41 |      0 |      0 |   1 |   52.0 |
         Sewer |    754 |    754 |      0 |      0 |    585 |   1 |  754.0 |
       Ossuary |    249 |    249 |      0 |     76 |     73 |   1 |  249.0 |
               +--------+--------+--------+--------+--------+-----+--------+

Top non-repeatable levels by time:
     D:3: 1060 daAuts
     D:1: 830 daAuts
   Sewer: 754 daAuts
     D:4: 610 daAuts
     D:2: 449 daAuts
 Ossuary: 249 daAuts
     D:5: 246 daAuts
  Temple: 52 daAuts
